 Dungeon Crawl Stone Soup version 0.23-a0-767-gdc19b93d68 (webtiles) character file.

10194 Crom the Cleaver (level 11, 0/100 HPs)
             Began as a Hill Orc Monk on Jan 25, 2019.
             Was an Elder of Beogh.
             Slain by Frances
             ... wielding a +0 war axe
              (13 damage)
             ... on level 12 of the Dungeon.
             The game lasted 00:46:48 (15872 turns).

Crom the Cleaver (Hill Orc Monk)                   Turns: 15872, Time: 00:46:48

Health: 0/100      AC: 20    Str: 18    XL:     11   Next: 58%
Magic:  17/17      EV:  7    Int: 10    God:    Beogh [****..]
Gold:   946        SH:  5    Dex: 13    Spells: 10/10 levels left

rFire    . . .     SeeInvis .   O - +0 war axe
rCold    . . .     Gourm    .   k - +0 buckler {rN+}
rNeg     + . .     Faith    .   g - +0 plate armour
rPois    .         Spirit   .   n - +0 helmet
rElec    .         Reflect  .   I - +0 cloak
rCorr    .         Harm     .   U - +2 pair of gloves
MR       .....                  (no boots)
Stlth    ..........             (no amulet)
HPRegen  0.26/turn              p - ring of flight
MPRegen  0.15/turn              (no ring)

@: studying Evocations
A: no striking features
a: Smiting, Recall Orcish Followers, Renounce Religion, Evoke Flight


You were on level 12 of the Dungeon.
You worshipped Beogh.
Beogh was greatly pleased with you.
You were near starving.

You visited 2 branches of the dungeon, and saw 13 of its levels.
You also visited: Ossuary.

You collected 1032 gold pieces.
You spent 86 gold pieces at shops.

Inventory:

Hand Weapons
 a - a +0 hand axe
 b - the cursed +2 trident of Skirmishing {distort, Dex+4, unknown}
   (You found it on level 7 of the Dungeon)

   It warps and distorts space around it.
   Unwielding it can cause banishment or high damage.
   It affects your dexterity (+4).
   It has a curse placed upon it.
 t - a +2 dagger of electrocution
   (You took it off an orc on level 3 of the Dungeon)
 L - a +5 morningstar
   (You took it off a wight on level 8 of the Dungeon)
 O - a +0 war axe (weapon)
   (You found it on level 8 of the Dungeon)
Missiles
 f - 102 sling bullets
 q - 268 stones (quivered)
 P - 7 javelins
Armour
 g - a +0 plate armour (worn)
   (You found it on level 1 of the Dungeon)
 k - a +0 buckler of positive energy (worn)
   (You found it on level 1 of the Dungeon)
 n - a +0 helmet (worn)
   (You found it on level 1 of the Dungeon)
 I - a +0 cloak (worn)
   (You took it off Crazy Yiuf on level 7 of the Dungeon)
 U - a +2 pair of gloves (worn)
   (You found it on level 10 of the Dungeon)
 W - a +0 chain mail of cold resistance
   (You took it off Harold on level 10 of the Dungeon)
Jewellery
 p - a ring of flight (left hand)
   (You found it on level 1 of the Dungeon)
 Q - a cursed amulet of regeneration {unknown}
   (You found it on level 9 of the Dungeon)
 R - an uncursed amulet of harm {unknown}
   (You found it on level 9 of the Dungeon)
Wands
 c - a wand of disintegration (13)
   (You found it on level 8 of the Dungeon)
 d - a wand of iceblast (2)
   (You found it on level 7 of the Dungeon)
 K - a wand of enslavement (3)
   (You found it on level 8 of the Dungeon)
Scrolls
 j - 6 scrolls of remove curse {@r2}
 l - 3 scrolls of fear
 m - 2 scrolls of teleportation {@r4}
 o - 6 scrolls of enchant weapon {unknown}
 w - 3 scrolls of fog {unknown}
 y - a scroll of amnesia {unknown}
 A - 3 scrolls of immolation {unknown}
 C - a scroll of vulnerability {unknown}
 G - 2 scrolls of blinking {unknown}
 J - 2 scrolls of noise {!r}
 M - a scroll of random uselessness {unknown}
 N - a scroll of enchant armour {unknown}
 T - 2 scrolls of identify {@r1}
 V - a scroll of magic mapping
 X - a scroll of torment {unknown}
Potions
 h - 3 potions of magic
 i - 6 potions of curing {unknown}
 r - 3 potions of flight
 s - 5 potions of mutation {!q}
 u - 4 potions of might
 x - 4 potions of agility
 z - 2 potions of cancellation {unknown}
 B - 2 potions of ambrosia
 D - 3 potions of haste {@q3}
 E - a potion of brilliance {unknown}
 F - a potion of lignification {!q}
 H - a potion of heal wounds {@q2}
Books
 v - a manual of Evocations {!d}
   (You found it on level 6 of the Dungeon)
Miscellaneous
 S - a lightning rod (4/4) {!a}
   (You found it on level 10 of the Dungeon)
Comestibles
 e - 10 rations {!d}


   Skills:
 + Level 10.3 Fighting
 * Level 14.5 Axes
 + Level 8.5 Armour
 - Level 3.0 Dodging
 - Level 1.5 Stealth
 - Level 4.0 Shields
 + Level 9.0 Invocations


You had 10 spell levels left.
You didn't know any spells.
Your spell library contained the following spells:

 Spells                   Type           Power        Failure   Level  Hunger
 Animate Skeleton         Necr           N/A          100%        1    ##.....
 Apportation              Tloc           #.....       100%        1    ##.....
 Confusing Touch          Hex            #.....       100%        1    ##.....
 Summon Small Mammal      Summ           #...         100%        1    ##.....


Dungeon Overview and Level Annotations

Branches:
Dungeon (12/15)            Temple (0/1) D:6            Lair (1/6) D:9
    Orc (0/2) D:11

Altars:
Yredelemnul

Shops:
D:6 !?}   D:8 **:(

Annotations:
D:12 Frances


Message History

Your plate armour prevents you from hitting Frances.
Bogwald hits Frances with a +1 trident!
Boldo roars a battlecry!
Bogwald goes into a battle-frenzy!
You slash Frances! Frances hits you with a +0 war axe!
Frances hits Bogwald with a +0 war axe!
Bogwald hits Frances with a +1 trident.
You completely miss Frances. You slash the ynoxinul!
The ynoxinul barely misses you.
Your plate armour prevents you from hitting Frances.
You slash the ynoxinul! Frances hits you but does no damage.
Frances hits Bogwald with a +0 war axe.
Bogwald invokes the aid of Beogh against Frances.
Frances writhes in agony!
You block the ynoxinul's attack.
You slash Frances! You slash the ynoxinul!
You kill the ynoxinul!
Bogwald hits Frances but does no damage.
Frances hits you with a +0 war axe!
Frances barely misses Bogwald.
You barely miss Frances. You barely miss the ice devil.
You block the ice devil's attack.
Bogwald hits Frances with a +1 trident.
You hit Frances. You hit the ice devil but do no damage.
Frances chants phrases taken from a devil's mouth.
Frances seems to speed up.
The ice devil barely misses you.
You hit Frances. You closely miss the ice devil. You block Frances's attack.
Frances hits Bogwald with a +0 war axe!
Bogwald dies!
You hit Frances. You hit the ice devil but do no damage.
The ice devil hits you but does no damage.
Frances hits you but does no damage.
Frances closely misses Boldo.
Boldo hits Frances with a +3 short sword of protection.
You hit Frances. You hit the ice devil but do no damage.
Frances mutters in a terrible tongue.
The iron shot hits you!
Ouch! That really hurt!
* * * LOW HITPOINT WARNING * * *
The ice devil hits you but does no damage.
Boldo hits Frances with a +3 short sword of protection!
You swap places.
Frances whispers indecipherable words.
The shard of ice hits Boldo.
The ice devil hits Boldo but does no damage.
Frances closely misses Boldo.
Frances hits you but does no damage.
Boldo hits Frances but does no damage.
There is an open door, spattered with blood here.
Things that are here:
a +1 trident; a +0 scale mail; the orc corpse of Bogwald You strike the helpless Frances from behind!
You slash Frances!
The ice devil hits Boldo!
The ice devil freezes Boldo!
Frances takes a defensive stance.
Frances hits you with a +0 war axe!
You die...

....# ....# . #...# ..
#########...##...
+.......#........
#..##...#........
#..##...#@4......
#..##...@o.......
+########.......###.##...
.................. #
#.................
#.................#
#.........#######.#
................ .#
#######'######## ##
...............#


You could see Frances, an ice devil and the friendly Boldo the orc knight.

Vanquished Creatures
  A tengu warrior (D:11)
  A two-headed ogre (D:10)
  2 unseen horrors
  A cyclops (D:11)
  A komodo dragon (D:9)
  A troll (D:8)
  Prince Ribbit (D:7)
  A spriggan (D:8)
  2 wyverns
  3 hungry ghosts
  Menkaure (D:7)
  An acid dragon (D:11)
  An orc warrior (D:10)
  3 ice beasts
  2 sky beasts
  A phantom (D:11)
  An eye of draining (D:10)
  6 ogres
  A necrophage (D:9)
  5 centaurs
  7 bullfrogs
  2 wyvern zombies
  A water moccasin skeleton (D:8)
  2 scorpions
  A troll zombie (D:11)
  5 wights (D:8)
  A lava snake (D:11)
  2 crimson imps
  3 bullfrog zombies
  2 howler monkeys
  A centaur zombie (D:6)
  2 jellies
  A hound (D:9)
  A bullfrog skeleton (D:8)
  2 orc priests (D:9)
  A quasit (D:8)
  5 orc wizards
  Crazy Yiuf (D:7)
  4 iguanas
  Natasha (thrice) (D:2)
  11 worker ants
  4 ogre zombies (D:11)
  A hound skeleton (D:4)
  9 mummies
  12 adders
  3 shadow imps
  An ooze (D:2)
  An adder skeleton (D:5)
  2 adder zombies
  5 worms
  4 dart slugs
  6 leopard geckos
  11 orcs
  8 bats
  4 giant cockroaches
  A gnoll zombie (Ossuary)
  4 goblins
  9 hobgoblins
  2 jackals
  2 quokkas
  A ball python (D:3)
  3 frilled lizards
  4 goblin zombies (D:11)
  2 hobgoblin skeletons (D:11)
  4 hobgoblin zombies
  9 kobolds
  2 kobold zombies (Ossuary)
  A leopard gecko skeleton (D:6)
  3 orc skeletons (D:11)
  6 orc zombies
  A quokka skeleton (D:9)
  3 rats
  A plant (D:9)
223 creatures vanquished.

Vanquished Creatures (collateral kills)
  Harold (D:10)
  An ugly thing (D:11)
  A centaur skeleton (D:11)
  A kobold demonologist (D:11)
  A troll (D:11)
  A fire elemental (D:11)
  A hungry ghost (D:10)
  A sky beast (D:11)
  An ice beast (D:11)
  A phantom (D:11)
  An ogre (D:11)
  A scorpion (D:11)
  2 lava snakes (D:11)
  A crimson imp (D:11)
  A hound (D:11)
  3 ogre zombies (D:11)
  A hound zombie (D:10)
  An adder (D:10)
  A shadow imp (D:11)
  An orc (D:11)
  A goblin skeleton (D:11)
  A goblin zombie (D:11)
  3 hobgoblin zombies (D:11)
  6 orc zombies (D:11)
34 creatures vanquished.

Vanquished Creatures (others)
  An orc priest (D:12)
  An orc warrior (D:11)
  An orc wizard (D:11)
  6 orcs
  A plant (D:9)
10 creatures vanquished.

Grand Total: 267 creatures vanquished

Notes
Turn   | Place    | Note
-------+----------+-------------------------------------------
     0 | D:1      | Crom the Hill Orc Monk began the quest for the Orb.
     0 | D:1      | Reached XP level 1. HP: 19/19 MP: 1/1
   178 | D:1      | Reached XP level 2. HP: 23/27 MP: 2/2
   700 | D:2      | Reached XP level 3. HP: 26/33 MP: 3/3
   833 | D:2      | Reached skill level 5 in Axes
   837 | D:2      | Reached skill level 1 in Shields
  1015 | D:2      | Reached skill level 1 in Armour
  1017 | D:2      | Noticed Natasha
  1030 | D:2      | Killed Natasha
  1030 | D:2      | Reached XP level 4. HP: 25/40 MP: 4/4
  1054 | D:2      | Noticed Natasha
  1488 | D:2      | Killed Natasha
  1488 | D:2      | Reached XP level 5. HP: 30/46 MP: 5/5
  1638 | D:2      | Noticed Natasha
  1650 | D:2      | Killed Natasha
  2262 | D:3      | Reached skill level 6 in Axes
  2293 | D:3      | Reached XP level 6. HP: 41/53 MP: 6/6
  2431 | D:3      | Found a basalt altar of Yredelemnul.
  3083 | D:4      | Reached skill level 5 in Fighting
  3481 | D:3      | Reached skill level 7 in Axes
  3491 | D:4      | Became a worshipper of Beogh the Brigand
  3491 | D:4      | Reached * piety under Beogh
  3491 | D:4      | Reached ** piety under Beogh
  3510 | D:4      | Reached XP level 7. HP: 61/61 MP: 7/7
  3657 | D:5      | Entered Level 5 of the Dungeon
  3746 | D:5      | Found a sand-covered staircase.
  3792 | Ossuary  | Entered an ossuary
  4931 | D:5      | Reached skill level 8 in Axes
  5645 | D:6      | Reached XP level 8. HP: 64/70 MP: 8/8
  5684 | D:6      | Found Nikor's Gadget Emporium.
  5911 | D:6      | Found Edeistido's Magic Scroll Emporium.
  5919 | D:6      | Bought a scroll of identify for 30 gold pieces
  5935 | D:6      | Found Ohiufirph's Distillery.
  5939 | D:6      | Bought a potion of agility for 56 gold pieces
  5960 | D:6      | Found a staircase to the Ecumenical Temple.
  6002 | D:6      | Reached skill level 1 in Invocations
  6179 | D:6      | Found Ymutot's Food Boutique.
  6243 | D:6      | Noticed a wyvern
  6839 | D:6      | Killed a wyvern
  6839 | D:6      | Reached skill level 9 in Axes
  7651 | D:7      | Got a smoking trident
  7809 | D:7      | Noticed Prince Ribbit
  7866 | D:7      | Killed Prince Ribbit
  7866 | D:7      | Reached skill level 10 in Axes
  7866 | D:7      | Reached skill level 5 in Armour
  7866 | D:7      | Reached XP level 9. HP: 18/79 MP: 11/11
  8214 | D:7      | Noticed Menkaure
  8231 | D:7      | Killed Menkaure
  8559 | D:7      | Reached *** piety under Beogh
  8638 | D:7      | Found a runed door.
  8778 | D:7      | Noticed Crazy Yiuf
  8780 | D:7      | Killed Crazy Yiuf
  9134 | D:8      | Reached skill level 11 in Axes
  9235 | D:8      | Found Osilo's Weapon Shoppe.
  9243 | D:8      | Reached skill level 5 in Invocations
  9390 | D:8      | Found Vexav's General Store.
  9409 | D:8      | Found Kaheoll's Assorted Antiques.
  9616 | D:8      | Found Zagu's Book Shop.
 10414 | D:9      | Reached XP level 10. HP: 88/88 MP: 14/14
 10542 | D:9      | Found a staircase to the Lair.
 10567 | D:9      | Reached skill level 12 in Axes
 10592 | Lair:1   | Entered Level 1 of the Lair of Beasts
 12677 | D:10     | Entered Level 10 of the Dungeon
 12792 | D:10     | Paralysed by fainting for 5 turns
 12927 | D:10     | Noticed a two-headed ogre
 12951 | D:10     | Killed a two-headed ogre
 13336 | D:10     | Reached skill level 13 in Axes
 13340 | D:10     | Noticed Harold
 13602 | D:10     | Killed an unseen horror
 13784 | D:10     | Killed Harold
 13784 | D:10     | Reached XP level 11. HP: 77/97 MP: 16/16
 13958 | D:11     | Killed an unseen horror
 14552 | D:11     | Found a staircase to the Orcish Mines.
 14583 | D:11     | Reached **** piety under Beogh
 14588 | D:11     | Reached skill level 14 in Axes
 14602 | D:11     | Gained Boldo as an ally
 14612 | D:11     | Noticed a cyclops
 14626 | D:11     | Killed a cyclops
 14626 | D:11     | Reached skill level 10 in Fighting
 15429 | D:11     | Noticed a deep troll earth mage
 15431 | D:11     | Noticed a tengu warrior
 15432 | D:11     | Gained Bogwald as an ally
 15444 | D:11     | Killed a tengu warrior
 15444 | D:11     | Reached ***** piety under Beogh
 15533 | D:11     | Noticed a brown ugly thing
 15542 | D:11     | Killed a brown ugly thing
 15849 | D:12     | Noticed Frances
 15868 | D:12     | Your ally Bogwald died
 15872 | D:12     | Slain by Frances

Vault maps used:
D:1:      lemuel_arrival_lava_pool
D:2:      first_ration, uniq_natasha
D:3:      nicolae_overflow_crystal_walls
D:5:      gup_ossuary_entry_pyramid
D:6:      minmay_temple_entry_from_below_b, serial_shops, shop, kennysheep_mini,
          shop, shop_statue, minmay_manual_mess
D:7:      uniq_crazy_yiuf_cottage, uniq_menkaure, uniq_prince_ribbit1
D:8:      serial_shops, shop, kennysheep_mini_moat,
          nicolae_shop_temple_entry_statues_fountains, shop_fountains,
          the_bakery
D:9:      david_lair_shrubbed, nicolae_straight_to_the_point
D:10:     amethyst_killhole, uniq_harold
D:11:     zombieorc2_lemuel, kennysheep_island_fort
D:12:     uniq_frances
Lair:1:   beast_lair_carwin_1, minmay_lair_oklob_chamber, uniq_sonja
Ossuary:  ossuary_tomb_3

Skill      XL: |  1  2  3  4  5  6  7  8  9 10 11 |
---------------+----------------------------------+-----
Fighting       | 4 5 7 8 9 10 | 10.3
Axes           | 5 6 7 8 10 11 13 14 | 14.5
Shields        | 1 2 3 4 |  4.0
Armour         | 1 2 3 5 6 7 8 |  8.5
Dodging        | 3 |  3.0
Invocations    | 3 5 7 9 |  9.0
Stealth        | |  1.5

Action                   |  1- 3 |  4- 6 |  7- 9 | 10-12 || total
-------------------------+-------+-------+-------+-------++-------
Melee: Hand axe          |   119 |   147 |       |       ||   266
       Dagger            |       |   116 |   486 |   207 ||   809
       War axe           |       |       |       |   195 ||   195
Throw: Stone             |       |       |     8 |       ||     8
Invok: Convert to Beogh  |       |     1 |       |       ||     1
       Smiting           |       |       |     3 |     4 ||     7
Evoke: Wand              |       |       |     2 |     4 ||     6
       Lightning rod     |       |       |       |     1 ||     1
  Use: Potion            |       |     2 |     3 |       ||     5
       Scroll            |       |     6 |     6 |     2 ||    14
 Stab: Distracted        |       |       |       |     2 ||     2
  Eat: Chunk             |       |     9 |    15 |     5 ||    29
       Ration            |       |       |     2 |     7 ||     9
Armor: Plate armour      |    64 |   174 |   285 |   245 ||   768
       Robe              |     4 |       |       |       ||     4
       Skin              |       |       |     2 |       ||     2
Dodge: Dodged            |    28 |    58 |   119 |   126 ||   331
Block: Buckler           |     9 |    47 |    89 |    77 ||   222

Table legend:
 A = Non-vault XP
 B = Vault XP
 C = Vault XP percentage of total XP
 D = Non-vault monster count
 E = Vault monster count
 F = Vault count percentage of total count
                 A         B        C        D         E       F
            +---------+---------+-------+---------+---------+-------
      Total |   11199 |    3365 |  23.1 |     193 |      63 |  24.6
            +---------+---------+-------+---------+---------+-------
        D:1 |      20 |       0 |   0.0 |      10 |       0 |   0.0
        D:2 |     168 |      36 |  17.6 |      29 |       1 |   3.3
        D:3 |     250 |       0 |   0.0 |      30 |       0 |   0.0
        D:4 |     177 |       0 |   0.0 |      10 |       0 |   0.0
        D:5 |     312 |      18 |   5.5 |      12 |       1 |   7.7
        D:6 |     649 |      50 |   7.2 |      10 |       2 |  16.7
        D:7 |    1068 |     494 |  31.6 |      15 |       3 |  16.7
        D:8 |    1206 |     211 |  14.9 |      19 |       1 |   5.0
        D:9 |    1258 |     361 |  22.3 |      17 |       1 |   5.6
       D:10 |    2148 |     732 |  25.4 |      10 |       1 |   9.1
       D:11 |    3943 |    1309 |  24.9 |      31 |      37 |  54.4
    Ossuary |       0 |     154 | 100.0 |       0 |      16 | 100.0
            +---------+---------+-------+---------+---------+-------
